Description

/r/allthingsprotoss guide

VOD

https://www.youtube.com/watch?v=qHMnIa5M3E4&feature=youtu.be&t=1225

Replay - A.I. 1 (Very Easy) v Gemini - Proxima Station LE

Build Order

Get SALT Encoding   

  12  0:00  Probe (Chrono Boost)  
  13  0:11  Probe (Chrono Boost)  
  14  0:20  Pylon  
  14  0:22  Probe (Chrono Boost)  
  15  0:38  Probe (Chrono Boost), Gateway  
  16  0:49  Probe (Chrono Boost)  
  17  0:50  Assimilator  
  17  0:59  Probe (Chrono Boost)  
  18  1:10  Probe (Chrono Boost)  
  19  1:22  Nexus  
  19  1:24  Probe (Chrono Boost)  
  20  1:37  Cybernetics Core  
  20  1:38  Probe (Chrono Boost)  
  21  1:45  Assimilator  
  21  1:48  Probe (Chrono Boost)  
  21  1:54  Pylon  
  23  2:14  Stalker, Warp Gate  
  26  2:29  Robotics Facility  
  29  2:49  Adept  
  33  2:56  Mothership Core (Chrono Boost)  
  36  3:11  Immortal  
  43  3:28  Gateway x2  
  44  3:40  Pylon  
  46  3:53  Warp Prism  
  46  3:58  Assimilator x2  
  50  4:03  Pylon  
  52  4:21  Pylon  
  54  4:28  Sentry x3  
  60  4:32  Nexus  
  60  4:36  Observer  
  63  4:52  Sentry x3  
  69  5:04  Gateway x2  
  69  5:10  Gateway  
  69  5:16  Gateway  
  69  5:19  Sentry x3  
  75  5:26  Gateway  
  75  5:29  Immortal  
  81  5:47  Sentry, Adept x2  
  91  6:22  Stalker x3, Adept x5  
Spawning Tool Build Advisor. Get it on Overwolf

Go to:

Details

Become a Patron
  • Created by: Gemini_19    
  • Published on: Feb 14, 2017
  • Patch: 3.8.0
Show
View Real Time Build Order
Export as new Build Order

Comments (0)

There are no comments. Be the first!

Create an account to comment!